 Dungeon Crawl Stone Soup version 0.24-a0-201-gf205589 (console) character file.

Game seed: 10403375719209946635

32 bli the Skirmisher (level 3, -1/31 HPs)
             Began as a Formicid Abyssal Knight on Mar 23, 2019.
             Was a Follower of Lugonu.
             Slain by an adder (5 damage)
             ... on level 2 of the Dungeon.
             The game lasted 00:03:03 (846 turns).

bli the Skirmisher (Formicid Abyssal Knight)         Turns: 846, Time: 00:03:04

Health: -1/31      AC:  4    Str: 16    XL:     3   Next: 42%
Magic:  4/4        EV: 11    Int: 11    God:    Lugonu [*.....]
Gold:   80         SH:  0    Dex: 11    Spells: 2/2 levels left

rFire    . . .     SeeInvis +   a - +1 hand axe
rCold    . . .     Gourm    .   (no shield)
rNeg     . . .     Faith    .   e - +0 leather armour
rPois    .         Spirit   .   (helmet unavailable)
rElec    .         Reflect  .   (no cloak)
rCorr    .         Harm     .   (no gloves)
MR       .....                  g - +0 pair of boots
Stlth    +.........             (no amulet)
HPRegen  0.10/turn              (no ring)
MPRegen  0.09/turn              (no ring)

@: lethally poisoned (-1 -> -13)
A: permanent stasis, dig shafts and tunnels, four strong arms, antennae 3
a: Dig, Shaft Self, Depart the Abyss, Renounce Religion


You were on level 2 of the Dungeon.
You worshipped Lugonu.
Lugonu was aware of your devotion.
You were not hungry.

You visited 1 branch of the dungeon, and saw 2 of its levels.
You visited the Abyss 1 time.

You collected 80 gold pieces.

Inventory:

Hand Weapons
 a - a +1 hand axe (weapon)
 b - a +1 longbow of velocity
Missiles
 i - 69 stones (quivered)
 l - 15 poisoned needles
 m - a throwing net
Armour
 d - a +0 plate armour
 e - a +0 leather armour (worn)
 g - a +0 pair of boots (worn)
Scrolls
 j - 2 scrolls of identify {unknown}
Potions
 h - a potion of brilliance {unknown}
 k - a potion of magic {unknown}
Comestibles
 c - 4 rations
 f - 2 chunks of flesh


   Skills:
 * Level 4.3 Fighting
 + Level 2.1 Axes
 + Level 2.2 Armour
 + Level 0.8 Dodging
 + Level 2.6 Invocations


You had 2 spell levels left.
You didn't know any spells.
Your spell library was empty.

Dungeon Overview and Level Annotations

Branches:
Dungeon (2/15)

Altars:


Innate Abilities, Weirdness & Mutations

You cannot be hasted, slowed, berserked, paralysed or teleported.
You can dig through walls and to a lower floor.
Your four strong arms can wield two-handed weapons with a shield.
You have a pair of large antennae on your head. (SInv)


Message History

The adder bites you.
You are more poisoned.
The adder poisons you!
You barely miss the adder.
The adder is severely wounded.
You feel sick. The adder bites you. x2
You are lethally poisoned!
The adder poisons you!
You barely miss the adder.
The adder is severely wounded.
You feel sick. The adder bites you.
You hit the adder.
The adder is almost dead.
You feel sick. The adder bites you but does no damage. The adder bites you.
* * * LOW HITPOINT WARNING * * *
You closely miss the adder.
The adder is almost dead.
* * * LOW HITPOINT WARNING * * *
You feel sick. The adder closely misses you. The adder bites you.
You die...

###########
#..........
##.#########
#######...###
#.....รท.....#
#######.#####...#.#
......S@.......##.#
##.##.#>#.###..# #
#..###.# #... #. .
..... #. ###..##.
{# ##.# .# .# #


You could see an adder.

Vanquished Creatures
  An ooze (D:1)
  3 dart slugs (D:1)
  A leopard gecko (D:1)
  A giant cockroach (D:1)
  4 goblins (D:1)
  A hobgoblin (D:1)
  A kobold (D:1)
  3 bats
  2 frilled lizards
  5 rats (D:1)
22 creatures vanquished.

Notes
Turn   | Place    | Note
-------+----------+-------------------------------------------
     0 | Abyss:1  | bli the Formicid Abyssal Knight began the quest for the
                  | Orb.
     0 | Abyss:1  | Reached XP level 1. HP: 18/18 MP: 2/2
     8 | Abyss:1  | Found a corrupted altar of Lugonu.
    76 | Abyss:2  | Noticed a large abomination
    92 | D:1      | Escaped the Abyss
   151 | D:1      | Reached XP level 2. HP: 22/25 MP: 3/3
   177 | D:1      | Reached skill level 4 in Fighting
   473 | D:1      | Reached XP level 3. HP: 30/30 MP: 4/4
   716 | D:1      | Reached ** piety under Lugonu
   846 | D:2      | Slain by an adder

Levels and vault maps discovered:
D:1:      lightli_arrival_boilingwater, layout_rooms, fountainhead,
          minmay_misc_feat_hallway
D:2:      minmay_wonky_spiral, layout_loops_ring, uniq_sigmund
Abyss:1
Abyss:2

Skill      XL: |  1  2 |
---------------+-------+-----
Fighting       | 4 |  4.3
Axes           | |  2.1
Armour         | |  2.2
Dodging        | |  0.8
Invocations    | |  2.6

Action                   || total
-------------------------++-------
Melee: Hand axe          ||    63
Armor: Leather armour    ||    19
Dodge: Dodged            ||    50

Table legend:
 A = Non-vault XP
 B = Vault XP
 C = Vault XP percentage of total XP
 D = Non-vault monster count
 E = Vault monster count
 F = Vault count percentage of total count
                 A         B        C        D         E       F
            +---------+---------+-------+---------+---------+-------
      Total |      46 |       0 |   0.0 |      22 |       0 |   0.0
            +---------+---------+-------+---------+---------+-------
        D:1 |      44 |       0 |   0.0 |      20 |       0 |   0.0
        D:2 |       2 |       0 |   0.0 |       2 |       0 |   0.0
            +---------+---------+-------+---------+---------+-------
